 Dungeon Crawl Stone Soup version 0.30-a0-439-g9e77e4d916 (webtiles) character file.

Game seed: 14469555276136380783

237 NinjaNoafa the Digger (level 6, -3/32 HPs)
             Began as a Gargoyle Earth Elementalist on Dec 10, 2022.
             Was a Follower of Vehumet.
             Slain by an ice beast (11 damage)
             ... on level 4 of the Dungeon.
             The game lasted 00:06:25 (3750 turns).

NinjaNoafa the Digger (Gargoyle Earth Elementalist) Turns: 3750, Time: 00:06:25

Health: -3/32      AC:  8    Str: 17    XL:     6   Next: 6%
Magic:  6/11       EV: 11    Int: 18    God:    Vehumet [*.....]
Gold:   174        SH:  0    Dex: 10    Spells: 4/11 levels left

rFire   . . .      SeeInvis .    a - +0 flail
rCold   . . .      Faith    .    (no shield)
rNeg    + . .      Spirit   .    u - +1 robe {Archmagi}
rPois   ∞          Reflect  .    (no helmet)
rElec   +          Harm     .    e - +0 cloak
rCorr   .          Rampage  .    (no gloves)
Will    .....      Archmagi +    (no boots)
Stlth   ++........               (no amulet)
HPRegen 0.25/turn                s - +6 ring of strength
MPRegen 0.12/turn                (no ring)

@: very slightly contaminated
A: sickness immunity, AC +4, negative energy resistance 1, electricity
resistance, torment resistance 1, petrification resistance
a: Renounce Religion


You were on level 4 of the Dungeon.
You worshipped Vehumet.
Vehumet was aware of your devotion.
You visited 1 branch of the dungeon, and saw 4 of its levels.

You collected 174 gold pieces.

Inventory:

Hand Weapons
 a - a +0 flail (weapon)
Missiles
 d - 57 stones
 h - 2 poisoned darts
Armour
 e - a +0 cloak (worn)
 u - a +1 robe of the Archmagi (worn)
Jewellery
 s - a +6 ring of strength (left hand)
Scrolls
 f - a scroll of teleportation {unknown}
 g - a scroll of enchant armour {unknown}
 i - a scroll of vulnerability {unknown}
 l - 4 scrolls of identify {unknown}
 m - a scroll of fear {unknown}
 n - a scroll of summoning {unknown}
 o - 2 scrolls of magic mapping {unknown}
 p - a scroll of torment {unknown}
 q - a scroll of noise {unknown}
 r - 2 scrolls of fog {unknown}
 t - a scroll of amnesia {unknown}
Potions
 b - a potion of magic
 c - a potion of attraction {unknown}
 j - a potion of degeneration {unknown}
 k - a potion of invisibility {unknown}
 v - 2 potions of lignification {unknown}


   Skills:
 - Level 1.5 Dodging
 - Level 2.1 Stealth
 + Level 3.4 Spellcasting
 + Level 1.8 Conjurations
 + Level 2.5 Transmutations
 + Level 5.2 Earth Magic


You had 4 spell levels left.
You knew the following spells:

 Your Spells              Type           Power      Damage    Failure   Level
a - Sandblast             Erth           66%        2d15      1%          1
b - Passwall              Tmut/Erth      20%        N/A       4%          2
c - Stone Arrow           Conj/Erth      46%        3d9       11%         3
d - Foxfire               Conj/Fire      36%        2x1d5     11%         1

Your spell library contained the following spells:

 Spells                   Type           Power      Damage    Failure   Level
 Petrify                  Tmut/Erth      25%        N/A       30%         4
 Inner Flame              Hex/Fire       4%         N/A       43%         3
 Flame Wave               Conj/Fire      9%         2d6       71%         4
 Sticky Flame             Conj/Fire      9%         2d3       71%         4


Dungeon Overview and Level Annotations

Branches:
Dungeon (4/15)
 Temple: D:4-7

Altars:
Nemelex Xobeh
Vehumet


Innate Abilities, Weirdness & Mutations

You are immune to sickness and miasma.
Your stone body is resilient. (AC +4)
You are immune to poison.
You resist negative energy. (rN+)
You are resistant to electric shocks. (rElec)
You are resistant to unholy torment.
You are immune to petrification.


Message History

Casting: Sandblast (safe; 1% risk of failure)
Confirm with . or Enter, or press ? or * to list all spells.
You feel a surge of power!
You miscast Foxfire.
You are very lightly contaminated with residual magic.
Nothing appears to happen.
Casting: Foxfire (safe; 11% risk of failure)
Confirm with . or Enter, or press ? or * to list all spells.
You feel a surge of power!
You miscast Foxfire.
Nothing appears to happen.
The ice beast attacks as you move away!
The ice beast hits you but does no damage.
Press: ? - help, v - describe, . - travel
Here: an ice beast (lightly wounded)
The floor.
Casting: Foxfire (safe; 11% risk of failure)
Confirm with . or Enter, or press ? or * to list all spells.
You feel a surge of power!
You conjure some foxfire!
The ice beast barely misses you.
Casting: Foxfire (safe; 11% risk of failure)
Confirm with . or Enter, or press ? or * to list all spells.
You feel a surge of power!
You miscast Foxfire.
Nothing appears to happen.
The foxfire hits the ice beast but does no damage.
The ice beast is lightly wounded.
The foxfire hits the ice beast but does no damage.
The ice beast is lightly wounded.
The ice beast hits you. The ice beast freezes you!
Casting: Foxfire (safe; 11% risk of failure)
Confirm with . or Enter, or press ? or * to list all spells.
You feel a surge of power!
You conjure some foxfire!
The ice beast hits you. The ice beast freezes you!
* * * LOW HITPOINT WARNING * * *
The ice beast attacks as you move away!
The ice beast hits you but does no damage.
The foxfire hits the ice beast but does no damage.
The ice beast is lightly wounded.
The foxfire hits the ice beast but does no damage.
The ice beast is lightly wounded.
The ice beast attacks as you move away! The ice beast hits you.
* * * LOW HITPOINT WARNING * * *
The ice beast freezes you!
You die...

###.........##........##
......#.....#..........#...
....#####..................
#...## ##................#
.....####.......>.........#
..##.......................
...........................
................§..........
.........###....@Y......#
........###.........#...#
.......#.###.......## ..#
..........##.......# ##
..........##.......#
)...................
.)..##...............
....##...#.###.......#
.#..##.#.#..#


You could see an ice beast.

Vanquished Creatures
  A phantom (D:4)
  Natasha (D:2)
  An iguana (D:2)
  An adder (D:2)
  2 worms
  4 dart slugs
  11 orcs
  4 ball pythons
  8 bats
  6 endoplasms
  A giant cockroach (D:4)
  2 goblins (D:1)
  3 hobgoblins
  3 jackals (D:1)
  10 kobolds
  6 quokkas
  2 frilled lizards (D:1)
  6 rats
72 creatures vanquished.

Vanquished Creatures (others)
  12 foxfires (D:4)
12 creatures vanquished.

Grand Total: 84 creatures vanquished

Notes
Turn   | Place    | Note
-------+----------+-------------------------------------------
     0 | D:1      | NinjaNoafa the Gargoyle Earth Elementalist began the quest
                  | for the Orb.
     0 | D:1      | Reached XP level 1. HP: 10/10 MP: 3/3
     0 | D:1      | Upgraded the game from 0.30-a0-424-g7412bad402 to
                  | 0.30-a0-439-g9e77e4d916
   194 | D:1      | Reached skill level 1 in Transmutations
   348 | D:1      | Reached XP level 2. HP: 15/15 MP: 3/5
   432 | D:1      | Reached skill level 4 in Earth Magic
   763 | D:1      | Reached XP level 3. HP: 19/19 MP: 4/6
  1753 | D:2      | Noticed Natasha
  1757 | D:2      | Killed Natasha
  1758 | D:2      | Reached XP level 4. HP: 15/24 MP: 4/8
  1763 | D:2      | Learned a level 2 spell: Passwall
  1767 | D:2      | Learned a level 3 spell: Stone Arrow
  2147 | D:2      | Found a radiant altar of Vehumet.
  2163 | D:2      | Became a worshipper of Vehumet
  2281 | D:2      | Reached XP level 5. HP: 28/28 MP: 6/9
  3259 | D:3      | Found a sparkling altar of Nemelex Xobeh.
  3374 | D:4      | Reached skill level 1 in Conjurations
  3475 | D:4      | Identified the +11 short sword "Toz Icse" {pain, rN+}
  3495 | D:4      | Noticed a phantom
  3499 | D:4      | Killed a phantom
  3500 | D:4      | Reached skill level 5 in Earth Magic
  3500 | D:4      | Reached XP level 6. HP: 32/32 MP: 4/11
  3556 | D:4      | Reached * piety under Vehumet
  3556 | D:4      | Offered knowledge of Foxfire by Vehumet.
  3565 | D:4      | Learned a level 1 spell: Foxfire
  3739 | D:4      | Noticed an ice beast
  3750 | D:4      | Slain by an ice beast

Illustrated notes

Levels and vault maps discovered:
D:1:      sevenhm_arrival_forest_fort_large_2, layout_basic,
          roderic_roman_lattice, hangedman_decor_push
D:2:      layout_basic, basic_altar, uniq_natasha
D:3:      layout_loops_ring, nemelex_dance_club_becter
D:4:      minmay_angry_zag, layout_cave_pools, serial_shops,
          kennysheep_little_box, cheibrodos_gnoll_hut

Skill      XL: |  1  2  3  4  5 |
---------------+----------------+-----
Transmutations | 1 2 |  2.5
Earth Magic    | 4 5 |  5.2
Spellcasting   | 3 |  3.4
Conjurations   | 1 |  1.8
Dodging        | |  1.5
Stealth        | |  2.1

Action                   |  1- 3 |  4- 6 || total
-------------------------+-------+-------++-------
Melee: Dagger            |     7 |       ||     7
       Mace              |       |     2 ||     2
 Cast: Sandblast         |    50 |    46 ||    96
       Stone Arrow       |       |     4 ||     4
       Passwall          |       |     3 ||     3
       Foxfire           |       |     7 ||     7
 Stab: Sleeping          |     1 |       ||     1
Armor: Robe              |    10 |    19 ||    29
Dodge: Dodged            |    19 |    13 ||    32

Table legend: (Time is in decaauts)
 A = Elapsed time spent in this place.
 B = Non-inter-level travel time spent in this place.
 C = Inter-level travel time spent in this place.
 D = Time resting spent in this place.
 E = Time spent auto-exploring this place.
 F = Levels seen in this place.
 G = Mean time per level.
                   A        B        C        D        E       F      G
               +--------+--------+--------+--------+--------+-----+--------+
         Total |   3796 |   3571 |    225 |      0 |   3086 |   4 |  949.0 |
       Dungeon |   3796 |   3571 |    225 |      0 |   3086 |   4 |  949.0 |
               +--------+--------+--------+--------+--------+-----+--------+

Top non-repeatable levels by time:
     D:1: 1503 daAuts
     D:2: 1016 daAuts
     D:3: 884 daAuts
     D:4: 391 daAuts
